 Dungeon Crawl Stone Soup version 0.30-a0-782-ge64f9170bb (webtiles) character file.

Game seed: 10129906061116174529

106 112233 the Magician (level 4, -6/25 (36) HPs)
             Began as a Deep Elf Conjurer on Feb 27, 2023.
             Killed by divine providence
             ... invoked by an orc priest
              (15 damage)
             ... on level 3 of the Dungeon.
             The game lasted 00:01:13 (2279 turns).

112233 the Magician (Deep Elf Conjurer)             Turns: 2279, Time: 00:01:13

HP:   -6/25 (36)    AC: 22    Str:  4    XL:     4   Next: 55%
MP:   4/14          EV:  2    Int: 25    God:
Gold: 62            SH:  0    Dex: 13    Spells: 15/16 levels left

rFire   . . .      SeeInvis .    (no weapon)
rCold   . . .      Faith    .    (no shield)
rNeg    . . .      Spirit   .    (body armour currently unavailable)
rPois   +          Reflect  .    (helmet currently unavailable)
rElec   .          Harm     .    (cloak currently unavailable)
rCorr   .          Rampage  .    (gloves currently unavailable)
Will    .....      NoTele   +    (boots currently unavailable)
Stlth   ++                       (no amulet)
HPRegen 0.24/turn                (no ring)
MPRegen 0.14/turn                (no ring)

@: mighty, tree-form, attractive, very heavily drained
A: stationary, stasis, torment immunity, boosted hp
a: no special abilities


You were on level 3 of the Dungeon.
You were a tree.
You visited 1 branch of the dungeon, and saw 3 of its levels.

You collected 62 gold pieces.

Inventory:

Armour
 a - a +0 robe (melded)
 h - an orb of energy
Scrolls
 c - 4 scrolls of identify {unknown}
 e - 2 scrolls of teleportation {unknown}
Potions
 b - a potion of magic


   Skills:
 - Level 2.4 Dodging
 - Level 2.4 Stealth
 + Level 6.6 Spellcasting
 - Level 4.3 Conjurations


You had 15 spell levels left.
You knew the following spells:

 Your Spells              Type           Power      Damage    Failure   Level
a - Magic Dart            Conj           100%       1d8       1%          1

Your spell library contained the following spells:

 Spells                   Type           Power      Damage    Failure   Level
 Searing Ray              Conj           60%        2d6       1%          2
 Dazzling Flash           Conj/Hex       38%        N/A       9%          3
 Fulminant Prism          Conj/Hex       9%         3d7       28%         4
 Iskenderun's Mystic Bla  Conj/Tloc      19%        2d6       28%         4


Dungeon Overview and Level Annotations

Branches:
Dungeon (3/15)

Altars:


Message History

The magic dart hits something but does no damage.
Something hits you but does no damage.
You feel drained.
Unknown command.
Casting: Magic Dart (safe; 1% risk of failure)
Confirm with . or Enter, or press ? or * to list all spells.
Aiming: Magic Dart (safe; 1% risk of failure)
Press: ? - help, Shift-Dir - straight line, f/p - orc
Aim: an orc, wielding a +0 war axe and wearing a +0 scale mail (100% to hit)
The magic dart hits something but does no damage.
Something hits you but does no damage.
You feel drained.
Unknown command.
Unknown command.
Casting: Magic Dart (safe; 1% risk of failure)
Confirm with . or Enter, or press ? or * to list all spells.
Aiming: Magic Dart (safe; 1% risk of failure)
Press: ? - help, Shift-Dir - straight line, f/p - orc
Aim: an orc, wielding a +0 war axe and wearing a +0 scale mail (100% to hit)
The magic dart hits something.
Something hits you but does no damage.
You feel drained.
Casting: Magic Dart (safe; 1% risk of failure)
Confirm with . or Enter, or press ? or * to list all spells.
Aiming: Magic Dart (safe; 1% risk of failure)
Press: ? - help, Shift-Dir - straight line, f/p - orc
Aim: an orc, wielding a +0 war axe and wearing a +0 scale mail (100% to hit)
The magic dart hits something but does no damage.
Something hits you.
You feel drained.
Unknown command.
Casting: Magic Dart (safe; 1% risk of failure)
Confirm with . or Enter, or press ? or * to list all spells.
Aiming: Magic Dart (safe; 1% risk of failure)
Press: ? - help, Shift-Dir - straight line, f/p - orc
Aim: an orc, wielding a +0 war axe and wearing a +0 scale mail (100% to hit)
The magic dart hits something!
You hear some strange, mumbled words.
A magic dart appears from out of thin air!
The magic dart hits you but does no damage.
The orc priest invokes the aid of Beogh against you.
Beogh smites you!
Ouch! That really hurt!
You die...

#...#######...†.#
#.........<######
#...########
##### #######
...(..# #####.#
### #.# #♣# ##.##
#{#
#...#########o#
#......oo....o#
#...###########
#...........
#..######### #..#
#.o#


You could see an orc priest and an orc.

Vanquished Creatures
  2 orc wizards
  2 dart slugs
  3 orcs
  4 ball pythons
  3 bats
  7 endoplasms
  A giant cockroach (D:1)
  3 goblins
  4 hobgoblins
  2 jackals (D:1)
  6 kobolds
  A quokka (D:1)
  3 frilled lizards
  4 rats
45 creatures vanquished.

Notes
Turn   | Place    | Note
-------+----------+-------------------------------------------
     0 | D:1      | 112233 the Deep Elf Conjurer began the quest for the Orb.
     0 | D:1      | Reached XP level 1. HP: 10/10 MP: 6/6
   209 | D:1      | Reached skill level 4 in Spellcasting
   209 | D:1      | Reached XP level 2. HP: 15/15 MP: 6/9
  1156 | D:2      | Reached XP level 3. HP: 19/19 MP: 8/11
  1162 | D:2      | Reached skill level 5 in Spellcasting
  1628 | D:2      | Reached XP level 4. HP: 24/24 MP: 11/13
  1894 | D:2      | Reached skill level 6 in Spellcasting
  2279 | D:3      | Killed from afar by an orc priest

Illustrated notes

Levels and vault maps discovered:
D:1:      elethiomel_arrival_quiet, layout_basic
D:2:      layout_basic, bh_walls_and_bars
D:3:      layout_loops_ring, trog_book, kennysheep_minor_cross, st_stairs_9,
          minmay_tree_intersection, cheibrodos_gnoll_hut, uniq_terence

Skill      XL: |  1  2  3  4 |
---------------+-------------+-----
Spellcasting   | 4 5 6 |  6.6
Dodging        | |  2.4
Stealth        | |  2.4
Conjurations   | |  4.3

Action                     |  1- 3 |  4- 6 || total
---------------------------+-------+-------++-------
  Melee: Unarmed           |       |     1 ||     1
   Cast: Magic Dart        |    68 |    31 ||    99
    Use: Potion            |       |     4 ||     4
         Scroll            |       |     1 ||     1
 Armour: Robe              |     2 |     2 ||     4
         Skin              |       |    10 ||    10
  Dodge: Dodged            |     2 |    13 ||    15

Table legend: (Time is in decaauts)
 A = Elapsed time spent in this place.
 B = Non-inter-level travel time spent in this place.
 C = Inter-level travel time spent in this place.
 D = Time resting spent in this place.
 E = Time spent auto-exploring this place.
 F = Levels seen in this place.
 G = Mean time per level.
                   A        B        C        D        E       F      G
               +--------+--------+--------+--------+--------+-----+--------+
         Total |   2278 |   2213 |     65 |      0 |   2030 |   3 |  759.3 |
       Dungeon |   2278 |   2213 |     65 |      0 |   2030 |   3 |  759.3 |
               +--------+--------+--------+--------+--------+-----+--------+

Top non-repeatable levels by time:
     D:2: 1193 daAuts
     D:1: 968 daAuts
     D:3: 116 daAuts
